 Dungeon Crawl Stone Soup version 0.31-a0-246-g8cbcc1cb85 (webtiles) character file.

Game seed: 11508968778563582138

19117 dinky3 the Mimic (level 12, 99/103 HPs)
             Began as a Demigod Shapeshifter on July 12, 2023.
             Quit the game on level 3 of the Lair of Beasts on July 17, 2023.
             The game lasted 00:44:41 (10536 turns).

dinky3 the Mimic (Demigod Shapeshifter)            Turns: 10536, Time: 00:44:41

Health: 99/103     AC: 11    Str: 32    XL:     12   Next: 6%
Magic:  15/15      EV: 11    Int: 10    God:
Gold:   496        SH:  0    Dex: 14    Spells: 11/11 levels left

rFire   + .          .
                       - Unarmed
rCold   . . .        (shield currently unavailable)
rNeg    . . .        s - +2 ring mail "Syeneme" {Drain +Blink rPois rF+}
rPois   +            n - +1 helmet
rElec   .            (no cloak)
rCorr   .            (gloves currently unavailable)
SInv    .            b - +0 pair of boots
Will    ++...        k - amulet of the acrobat
Stlth   +            l - +4 ring of protection
HPRegen 0.37/turn    f - ring of willpower
MPRegen 0.14/turn

%: acrobat
@: blade hands
A: high MP 1, forlorn, divine attributes
a: Evoke Blink


You were on level 3 of the Lair of Beasts.
You had blades for hands.
You visited 2 branches of the dungeon, and saw 13 of its levels.

You collected 586 gold pieces.
You spent 90 gold pieces at shops.

Inventory:

Hand Weapons
 m - a +3 whip of draining
 w - a +2 vampiric dagger
 F - a +3 scimitar of flaming
 O - a +1 whip of electrocution
 S - a +3 trident
Missiles
 j - 20 poisoned darts (quivered)
 z - 5 atropa-tipped darts
 J - 9 javelins
 P - a curare-tipped dart
 X - a throwing net
Armour
 b - a +0 pair of boots (worn)
 h - a +0 pair of gloves
 i - a +0 scale mail
 n - a +1 helmet (worn)
 s - the +2 ring mail "Syeneme" (worn) {Drain +Blink rPois rF+}
   (You found it on level 3 of the Dungeon)

   rF:        It protects you from fire.
   rPois:     It protects you from poison.
   +Blink:    It lets you blink.
   Drain:     It drains your maximum health when unequipped.
 E - the +6 chain mail of the Bard {Rampage Str+6}
   (You found it on level 4 of the Dungeon)

   Str:       It affects your strength (+6).
   Rampage:   It bestows one free step when moving towards enemies.
 M - a +2 pair of gloves
Magical Staves
 o - a staff of conjuration
 L - a staff of cold
Jewellery
 f - a ring of willpower (right blade hand)
 k - an amulet of the acrobat (around neck)
 l - a +4 ring of protection (left blade hand)
 Q - a ring of fire
Talismans
 c - a beast talisman
 v - a blade talisman
Wands
 y - a wand of flame (11)
 C - a wand of light (5)
Scrolls
 e - 3 scrolls of amnesia
 q - a scroll of poison
 r - 2 scrolls of revelation
 A - 3 scrolls of immolation
 B - a scroll of fog
 D - a scroll of noise {unknown}
 G - a scroll of summoning {unknown}
 H - a scroll of blinking {unknown}
 K - a scroll of enchant weapon
 N - a scroll of vulnerability
 R - 2 scrolls of brand weapon {unknown}
 T - a scroll of teleportation {unknown}
Potions
 a - a potion of ambrosia
 d - 2 potions of haste
 g - a potion of cancellation
 p - a potion of resistance
 t - 2 potions of curing
 u - 4 potions of brilliance
 x - a potion of lignification
 I - a potion of enlightenment {unknown}
 U - 3 potions of heal wounds {unknown}
 V - a potion of invisibility {unknown}
 W - a potion of might {unknown}
 Y - a potion of attraction
 Z - a potion of mutation {unknown}


   Skills:
 + Level 8.5 Fighting
 - Level 1.7 Maces & Flails
 + Level 4.7 Armour
 - Level 1.7 Dodging
 + Level 10.5 Unarmed Combat
 - Level 3.0 Evocations
 + Level 10.6 Shapeshifting


You had 11 spell levels left.
You didn't know any spells.
Your spell library contained the following spells:

 Spells                   Type           Power      Damage    Failure   Level
 Freeze                   Ice            0%         1d3       85%         1
 Blink                    Tloc           0%         N/A       92%         2
 Lesser Beckoning         Tloc           0%         N/A       92%         2
 Momentum Strike          Conj/Tloc      0%         3d8       92%         2
 Frozen Ramparts          Ice            0%         1d1       98%         3
 Hailstorm                Conj/Ice       0%         3d3       98%         3
 Anguish                  Hex/Necr       0%         N/A       100%        4
 Cause Fear               Hex            0%         N/A       100%        4
 Enfeeble                 Hex            0%         N/A       100%        7


Dungeon Overview and Level Annotations

Branches:
Dungeon (10/15) Zot: 25900  Temple (0/1) D:4            Lair (3/5) D:8 Zot: 14276
  Swamp: Lair:2-3    Shoals: Lair:2-3     Snake: Lair:2-3    Spider: Lair:2-3
    Orc: D:9-12

Annotations:
D:3 exclusion: downstairs
D:4 exclusion: downstairs
D:5 Sigmund
D:6 exclusion: upstairs
D:8 exclusion: downstairs, Gastronok
D:10 exclusions: 2 doors and 1 more exclusion
Lair:3 exclusion: oklob plant


Innate Abilities, Weirdness & Mutations

You have blades for hands.
Your spellcasting is less reliable in this form.
You are incapable of wielding weapons or throwing items.
You have an increased reservoir of magic. (+10% MP)
You shall have no god before yourself.
Your divine heritage dramatically boosts your attributes as you level up.


Message History

Level annotation: exclusion: oklob plant The yak completely misses you.
The yak barely misses you.
There is a stone staircase leading up, spattered with blood here.
You slice the yak!!
The yak is heavily wounded.
The yak closely misses you. The yak gores you.
You shred the yak!!!
You kill the yak!
The yak closely misses you.
You hit the yak but do no damage. You slash the yak.
The yak is lightly wounded.
You slice the yak!!
The yak is heavily wounded.
The yak completely misses you.
You hit the yak.
The yak is heavily wounded.
The yak barely misses you.
You hit the yak.
The yak is severely wounded.
The yak gores you.
You hit the yak but do no damage.
The yak is severely wounded.
The yak gores you but does no damage.
You shred the yak!!!
You kill the yak!
No target in view!
No target in view!
Your pack is full.
You see here a scroll of identify.
You can't carry that many items.
Press: ? - help, v - describe, . - travel, g - get item Item here: a scroll of identify.
The floor.
As you read the scroll of identify, it crumbles to dust.
B - a scroll of fog Saving game... please wait.
Level annotation: exclusion: oklob plant Welcome back, dinky3 the Demigod Shapeshifter.
Press ? for a list of commands and other information.
Are you sure you want to abandon this character and quit the game? (Confirm with "yes".)

.....................#
......................#
.........>...#P...#...#
......................#
.#....................#
#..#................#
.................#..
...###.P.........#..#
.. #...#....@......#
####............#
..#........+..#
............# .#
.......#....# #
............
.......#.#P.. .......
......


There were no monsters in sight!

Vanquished Creatures
  Erica (D:8)
  A boulder beetle (Lair:1)
  3 elephants (Lair:3)
  3 black mambas
  8 cane toads
  4 komodo dragons
  A troll (D:10)
  5 polar bears
  A hornet (Lair:2)
  Prince Ribbit (D:7)
  33 yaks
  4 basilisks
  5 wyverns
  A redback (Lair:3)
  5 water moccasins
  An ice beast (D:6)
  2 sky beasts (D:7)
  8 black bears
  2 orc warriors (D:8)
  2 centaurs
  4 wolves (Lair:1)
  7 bullfrogs
  2 kobold brigands
  6 scorpions
  14 wights
  A howler monkey (D:4)
  6 electric eels (Lair:2)
  2 hounds
  4 jellies
  A gnoll bouda (D:4)
  2 orc priests
  A sleepcap (D:4)
  Terence (D:2)
  2 iguanas
  3 orc wizards
  5 adders
  10 gnolls
  2 shadow imps (D:8)
  4 white imps
  2 worms (D:2)
  12 orcs
  A bat zombie (D:3)
  8 endoplasms
  2 giant cockroaches (D:4)
  3 goblins
  3 hobgoblins
  4 jackals (D:4)
  10 kobolds
  3 quokkas (D:2)
  8 ball pythons
  6 bats
  2 frilled lizards
  5 rats
  A rat zombie (D:3)
238 creatures vanquished.

Notes
Turn   | Place    | Note
-------+----------+-------------------------------------------
     0 | D:1      | dinky3 the Demigod Shapeshifter began the quest for the
                  | Orb.
     0 | D:1      | Reached XP level 1. HP: 17/17 MP: 3/3
   350 | D:1      | Reached XP level 2. HP: 18/24 MP: 4/4
   977 | D:2      | Reached XP level 3. HP: 30/30 MP: 5/5
  1260 | D:3      | Noticed Terence
  1269 | D:2      | Killed Terence
  1270 | D:2      | Reached XP level 4. HP: 34/38 MP: 6/6
  1322 | D:3      | Identified the +2 ring mail "Syeneme" {Drain +Blink rPois
                  | rF+}
  2019 | D:4      | Reached XP level 5. HP: 45/45 MP: 7/7
  2210 | D:4      | Found a staircase to the Ecumenical Temple.
  2291 | D:4      | Reached skill level 1 in Maces & Flails
  2382 | D:4      | Reached XP level 6. HP: 27/52 MP: 8/8
  2512 | D:4      | Identified the +6 chain mail of the Bard {Rampage Str+6}
  2540 | D:5      | Entered Level 5 of the Dungeon
  2593 | D:5      | Noticed Sigmund
  2816 | D:6      | Reached skill level 5 in Fighting
  2816 | D:6      | Reached XP level 7. HP: 55/61 MP: 9/9
  2836 | D:6      | Reached skill level 5 in Shapeshifting
  2916 | D:6      | Reached skill level 1 in Evocations
  3430 | D:7      | Reached XP level 8. HP: 35/70 MP: 10/10
  4063 | D:7      | Reached skill level 1 in Armour
  4325 | D:8      | Noticed Erica
  4589 | D:7      | Reached XP level 9. HP: 75/75 MP: 11/11
  4651 | D:8      | Noticed Prince Ribbit
  5048 | D:7      | Killed Prince Ribbit
  5191 | D:8      | Found a staircase to the Lair.
  5192 | D:8      | You fall into a shaft and drop 2 floors!
  5192 | D:10     | Entered Level 10 of the Dungeon
  5416 | D:10     | Reached skill level 5 in Unarmed Combat
  5579 | D:10     | Found Zin's Purification Station.
  5587 | D:10     | Bought a potion of curing for 90 gold pieces
  5743 | D:8      | Noticed Gastronok
  5913 | D:8      | Killed Erica
  5914 | D:8      | Reached XP level 10. HP: 31/86 MP: 13/13
  6442 | Lair:1   | Entered Level 1 of the Lair of Beasts
  7534 | Lair:1   | Reached XP level 11. HP: 86/92 MP: 14/14
  7537 | Lair:1   | Noticed a boulder beetle
  7550 | Lair:1   | Killed a boulder beetle
  7845 | Lair:1   | Noticed a catoblepas
  8027 | Lair:2   | Reached skill level 10 in Shapeshifting
  8473 | Lair:1   | Noticed a catoblepas
  8831 | Lair:2   | Paralysed by a hornet for 3 turns
  9009 | Lair:2   | Reached skill level 10 in Unarmed Combat
 10389 | Lair:3   | Reached XP level 12. HP: 97/103 MP: 15/15
 10536 | Lair:3   | Quit the game

Illustrated notes

Levels and vault maps discovered:
D:1:      dpeg_arrival_arbitrary_b, layout_loops_ring
D:2:      layout_basic, minmay_quadrilaterals
D:3:      layout_loops_cross, lemuel_zombie_altar_kikubaaqudgha,
          lemuel_coloured_pillars_altar, kennysheep_jessica_study, uniq_ijyb,
          uniq_terence
D:4:      layout_loops_ring, nemelex_xobeh_ov_fountains_minmay, temple_green,
          st_stairs_3
D:5:      layout_rooms, mainiacjoe_overflow_surrounded_room, uniq_sigmund
D:6:      layout_loops_ring, mainiacjoe_overflow_two_lobes
D:7:      layout_basic, mainiacjoe_overflow_small_starburst
D:8:      layout_rooms, due_lair_maze_entry_diamond, uniq_erica,
          uniq_prince_ribbit1, uniq_gastronok
D:9:      layout_loops_corners, okawaru_metal_pillars_3, kennysheep_ying_yang,
          enter_bailey_7, st_stairs_9
D:10:     layout_roguey, zin_purify, minivault_16, uniq_urug
Lair:1:   layout_small_grid, nzn_sisyphean_effort, grunt_megastairs_3
Lair:2:   layout_gridlike, pdpol_lair_cavern_descent, serial_bayou_shore_a
Lair:3:   beast_lair_carwin_large_4, layout_chaotic_city,
          minmay_shoals_entry_centaurs, spider_nest_entry_webs

Skill      XL: |  1  2  3  4  5  6  7  8  9 10 11 |
---------------+----------------------------------+-----
Unarmed Combat | 2 3 6 9 10 | 10.5
Fighting       | 2 3 4 5 6 7 8 |  8.5
Shapeshifting  | 3 4 5 6 8 9 10 | 10.6
Maces & Flails | 1 |  1.7
Evocations     | 2 3 |  3.0
Armour         | 1 4 |  4.7
Dodging        | |  1.7

Action                     |  1- 3 |  4- 6 |  7- 9 | 10-12 || total
---------------------------+-------+-------+-------+-------++-------
  Melee: Unarmed           |    19 |     8 |    64 |   246 ||   337
         Whip              |    57 |    77 |    90 |       ||   224
         Punch             |       |     1 |     8 |    18 ||    27
         Spear             |       |    53 |    88 |       ||   141
         Flail             |       |       |    14 |       ||    14
  Throw: Dart              |     4 |     4 |     7 |       ||    15
Ability: Evoke Blink       |       |       |       |     1 ||     1
  Evoke: Wand              |       |     7 |     6 |     6 ||    19
    Use: Scroll            |     3 |     5 |     5 |     5 ||    18
         Potion            |       |     1 |     3 |       ||     4
   Stab: Sleeping          |     2 |       |       |       ||     2
         Paralysed         |       |       |     1 |       ||     1
 Armour: Animal skin       |    18 |       |       |       ||    18
         Ring mail         |       |    55 |    95 |    74 ||   224
         Skin              |       |    10 |    19 |       ||    29
  Dodge: Dodged            |    51 |    84 |   131 |   150 ||   416
   Form: Blade             |       |       |     1 |       ||     1

Table legend: (Time is in decaauts)
 A = Elapsed time spent in this place.
 B = Non-inter-level travel time spent in this place.
 C = Inter-level travel time spent in this place.
 D = Time resting spent in this place.
 E = Time spent auto-exploring this place.
 F = Levels seen in this place.
 G = Mean time per level.
                   A        B        C        D        E       F      G
               +--------+--------+--------+--------+--------+-----+--------+
         Total |  10520 |   9440 |   1080 |   2896 |     11 |  13 |  809.2 |
       Dungeon |   6797 |   6078 |    719 |   1224 |     11 |  10 |  679.7 |
          Lair |   3723 |   3363 |    360 |   1672 |      0 |   3 | 1241.0 |
               +--------+--------+--------+--------+--------+-----+--------+

Top non-repeatable levels by time:
     D:7: 1811 daAuts
  Lair:2: 1531 daAuts
  Lair:1: 1353 daAuts
     D:6: 1003 daAuts
  Lair:3: 837 daAuts
     D:3: 679 daAuts
     D:4: 679 daAuts
     D:2: 670 daAuts
     D:8: 615 daAuts
     D:1: 606 daAuts
    D:10: 489 daAuts
     D:5: 190 daAuts
     D:9: 53 daAuts
